Map: Divergence LE

Players

Baloo

  • Race: Terran Terran
  • Spawn Location: 11:00

Ewaleol

  • Race: Zerg Zerg
  • Spawn Location: 11:00

Massa - Winner!

  • Race: Terran Terran
  • League: Gold
  • Spawn Location: 5:00

qqq - Winner!

  • Race: Zerg Zerg
  • Spawn Location: 5:00

VOD

Have the link to the VOD?

Description

Time

  • Played on: June 24, 2020, 4:14 p.m.
  • Length: 20:20
Show
View Real Time Build Order
Export as new Build Order

Baloo Terran 

Build Orders:  

Get SALT Encoding   

  12  0:01  SCV  
  13  0:13  SCV  
  14  0:25  SCV  
  14  0:28  Supply Depot  
  15  0:34  Refinery  
  16  0:50  SCV  
  16  1:06  Barracks  
  16  1:15  Supply Depot  
  16  1:20  SCV  
  17  1:33  SCV  
  18  1:46  Command Center  
  18  1:49  Supply Depot  
  18  2:03  Factory, Marine  
  18  2:08  SCV  
  20  2:22  Orbital Command  
  20  2:26  Marine  
  21  2:44  Marine  
  22  2:55  SCV  
  22  2:58  Factory Tech Lab  
  22  3:02  Marine  
  23  3:08  Starport  
  23  3:10  Refinery  
  25  3:20  Marine  
  25  3:23  Siege Tank  
  25  3:25  SCV  
  28  3:28  Orbital Command  
  28  3:38  SCV, Marine  
  30  3:46  Barracks  
  30  3:50  SCV  
  31  3:56  SCV  
  31  3:59  Barracks  
  31  4:02  SCV  
  33  4:12  Siege Tank  
  33  4:14  Medivac  
  38  4:18  SCV  
  39  4:31  Marine  
  40  4:48  Marine  
  41  4:56  SCV x2  
  43  5:00  Barracks Tech Lab, Marine  
  43  5:06  Marine  
  45  5:08  SCV  
  45  5:10  SCV  
  47  5:15  Engineering Bay  
  47  5:18  Marine x2  
  47  5:20  SCV, Stimpack  
  50  5:23  Siege Tank  
  50  5:24  Marine  
  54  5:48  Missile Turret  
  54  5:56  Supply Depot  
  54  5:57  Supply Depot  
  54  5:58  Missile Turret  
  54  6:00  Supply Depot  
  54  6:07  SCV  
  54  6:09  SCV, Marine  
  54  6:17  Marine x2, Viking  
  58  6:19  SCV  
  58  6:21  SCV  
  60  6:27  Marine  
  60  6:32  SCV  
  62  6:33  SCV  
  62  6:35  Marine x2  
  65  6:44  SCV  
  65  6:45  SCV, Marine  
  68  6:53  Marine x2  
  68  7:03  Marine  
  66  7:10  Marine x2  
  66  7:15  SCV x2  
  70  7:20  Terran Infantry Weapons Level 1  
  70  7:21  Marine, Combat Shield  
  71  7:24  Medivac  
  71  7:27  SCV x2  
  71  7:28  Marine x2  
  77  7:38  Marine  
  78  8:09  SCV x2, Marine x3, Medivac, Supply Depot  
  83  8:21  SCV x2  
  83  8:26  Marine  
  86  8:31  Marine x2  
  86  8:33  SCV  
  89  8:44  Marine  
  86  8:49  Marine x2  
  88  8:57  Medivac  
  88  9:02  Marine  
  91  9:06  Marine x2  
  88  9:20  Marine  
  89  9:24  Marine x2  
  89  9:27  Medivac  
  90  9:38  Marine  
  88  9:42  Marine x2  
  85  9:55  Marine  
  85  9:57  Medivac  
  83  10:00  Marine x2  
  84  10:10  SCV x2  
  84  10:13  Marine  
  87  10:18  Marine x2  
  85  10:22  SCV  
  85  10:23  Barracks  
  85  10:27  Barracks x2  
  85  10:28  Barracks  
  78  10:29  Terran Infantry Armor Level 1, Barracks  
  78  10:31  Marine  
  79  10:35  Marine x2  
  81  10:49  Marine  
  82  10:52  Medivac  
  82  10:53  Marine x2  
  86  11:04  Command Center  
  86  11:07  Marine  
  87  11:11  Marine x2  
  87  11:12  Barracks  
  87  11:14  Barracks Reactor x2  
  89  11:21  Barracks Reactor  
  89  11:23  Barracks Reactor  
  89  11:24  Marine  
  90  11:29  Marine x2  
  92  11:42  Marine  
  92  11:47  Marine  
  94  11:55  Marine  
  94  12:00  Marine  
  94  12:15  Marine x9  
  94  12:18  Marine  
  104  12:23  Orbital Command  
  104  12:33  Marine x8  
  110  13:05  Marine x7  
  110  13:06  Marine x3  
  117  13:22  Marine  
  117  13:23  Marine x7  
  117  13:24  Marine x2  
  127  13:39  Orbital Command  
  127  13:40  Marine x2  
  127  13:41  Marine x4  
  133  13:54  Marine x2  
  133  14:00  Marine x2  
  133  14:08  Marine x2  
  133  14:10  Marine  
  97  14:31  Marine x2  
  97  14:32  Marauder, Marine x7  
  83  14:49  Marine x4  
  83  14:50  Marine x5  
  89  14:53  Marauder  
  89  14:57  Medivac  
  93  15:07  Marine x5  
  93  15:08  Marine x4  
  102  15:15  Marauder  
  100  15:25  Marine x6  
  99  15:36  Marauder  
  95  15:45  Marine x4  
  95  15:46  Marine x4  
  101  15:52  Liberator  
  99  15:57  Marauder  
  84  16:19  Marauder  
  84  16:22  Marine x3  
  80  16:34  Liberator  
  83  16:40  Marauder  
  60  17:10  Marine  
  60  17:11  Marine x2  
  42  17:56  Orbital Command  
  42  18:49  Supply Depot  
  42  18:55  Supply Depot  
  42  18:58  Supply Depot  
  37  19:11  Marine x3  
  37  19:12  Supply Depot  
  27  19:28  Marine x2  
  27  19:29  Marine  
  26  19:36  Supply Depot  
  26  19:46  Marine x2  
  26  19:47  Marine  
  29  20:00  Supply Depot  
  33  20:07  SCV  
Show
View Real Time Build Order
Export as new Build Order

Ewaleol Zerg 

Build Orders: Hatch First 

Get SALT Encoding   

  12  0:01  Drone  
  13  0:13  Overlord  
  13  0:20  Drone  
  14  0:23  Extractor  
  14  0:24  Drone  
  15  0:32  Drone  
  16  0:40  Drone  
  17  0:55  Drone  
  18  1:11  Drone x2  
  19  1:16  Hatchery  
  19  1:19  Extractor  
  19  1:23  Drone  
  19  1:25  Spawning Pool  
  19  1:29  Drone  
  19  1:43  Overlord  
  19  2:13  Zergling x4  
  21  2:16  Zergling x2  
  22  2:24  Drone  
  22  2:25  Queen  
  22  2:27  Queen  
  27  2:30  Drone  
  27  2:31  Metabolic Boost  
  28  2:38  Drone  
  29  2:44  Overlord  
  29  3:02  Overlord  
  29  3:03  Overlord x2  
  29  3:05  Drone  
  30  3:08  Drone  
  31  3:19  Drone  
  32  3:24  Extractor  
  31  3:29  Drone x2  
  31  3:30  Drone  
  34  3:35  Drone  
  34  3:37  Drone x3  
  38  3:42  Drone  
  38  3:47  Spore Crawler  
  38  3:51  Drone x4  
  42  3:56  Roach Warren, Zergling x2  
  42  4:00  Drone  
  43  4:05  Spore Crawler  
  43  4:07  Drone  
  43  4:08  Drone  
  43  4:09  Drone  
  45  4:11  Drone  
  45  4:12  Drone  
  47  4:25  Lair  
  46  4:35  Hatchery  
  45  4:42  Baneling Nest  
  44  4:47  Extractor  
  44  4:48  Extractor  
  42  4:58  Roach x8  
  57  5:16  Drone x2  
  57  5:18  Drone  
  57  5:19  Overlord  
  60  5:28  Spire  
  57  5:47  Drone x2  
  59  5:50  Spore Crawler  
  57  6:15  Drone x2  
  57  6:36  Spore Crawler  
  57  6:37  Drone  
  57  6:40  Drone x2  
  59  6:48  Zerg Flyer Weapons Level 1  
  59  6:49  Overlord x3  
  59  6:50  Overlord x2  
  59  7:00  Queen  
  59  7:28  Drone x2  
  59  7:29  Drone, Mutalisk x9  
  74  7:30  Evolution Chamber  
  74  7:35  Mutalisk  
  79  7:58  Mutalisk x2  
  83  8:19  Spore Crawler  
  82  8:27  Infestation Pit  
  82  8:29  Roach x9  
  82  8:30  Roach  
  99  8:53  Mutalisk x2  
  99  9:23  Zergling x24  
  99  9:24  Zergling x6  
  114  9:28  Zerg Missile Weapons Level 1  
  114  9:30  Glial Reconstitution  
  114  9:32  Zerg Flyer Weapons Level 2  
  114  9:40  Evolution Chamber  
  102  10:02  Mutalisk  
  102  10:03  Mutalisk x2  
  108  10:12  Spine Crawler  
  107  10:14  Drone x7, Extractor  
  107  10:15  Drone  
  107  10:16  Overlord x4  
  114  10:36  Roach x3  
  120  10:56  Roach x5  
  120  10:57  Roach x3  
  124  11:03  Pneumatized Carapace  
  124  11:06  Overseer  
  124  11:25  Zerg Ground Armor Level 1  
  124  11:28  Drone x3  
  127  11:33  Extractor  
  127  11:34  Drone x3  
  123  11:46  Ravager  
  123  11:47  Ravager x2  
  126  11:48  Zerg Flyer Armor Level 1  
  126  12:06  Ravager  
  126  12:07  Ravager  
  126  12:08  Ravager  
  93  12:22  Roach x13  
  110  12:25  Baneling  
  87  12:52  Ravager x6  
  87  12:56  Drone  
  94  13:02  Queen  
  96  13:26  Zergling x2  
  91  13:38  Hydralisk Den  
  90  13:48  Infestation Pit  
  90  13:50  Corruptor x7  
  90  13:51  Corruptor  
  100  14:09  Roach  
  109  14:10  Roach x7  
  106  14:28  Ravager  
  107  14:37  Hive  
  107  14:41  Corruptor  
  107  14:42  Corruptor x2  
  113  14:46  Roach  
  113  14:47  Roach x5  
  73  15:53  Greater Spire  
  74  15:57  Zergling x20  
  74  16:01  Spine Crawler  
  74  16:03  Spine Crawler  
  67  17:05  Brood Lord x10  
  88  17:15  Zergling x4  
  88  17:16  Zergling x24  
  79  18:46  Spire  
  78  19:05  Overseer  
Show
View Real Time Build Order
Export as new Build Order

Massa Terran - Winner!

Build Orders: Mech 

Get SALT Encoding   

  12  0:09  SCV  
  13  0:18  Supply Depot  
  13  0:21  SCV  
  14  0:33  SCV  
  15  0:40  Barracks  
  15  0:50  SCV  
  16  1:00  Supply Depot  
  16  1:15  SCV  
  16  1:23  Refinery  
  16  1:27  SCV  
  16  1:28  Marine  
  16  1:31  Supply Depot  
  18  1:34  Barracks  
  18  1:40  Orbital Command  
  18  1:46  Marine  
  19  2:03  Marine  
  19  2:07  SCV  
  21  2:19  SCV  
  22  2:24  Command Center  
  22  2:39  Factory  
  22  2:43  Marine x2  
  24  3:01  SCV, Marine x2  
  27  3:14  SCV  
  27  3:19  Marine x2  
  30  3:20  Refinery  
  30  3:32  Starport  
  30  3:35  Factory Tech Lab  
  30  3:37  Marine x2  
  32  3:55  Factory  
  32  4:04  Barracks Tech Lab  
  32  4:08  SCV  
  33  4:15  SCV  
  34  4:20  SCV  
  35  4:26  Liberator  
  35  4:27  SCV  
  39  4:32  SCV  
  39  4:35  Marauder, Marine  
  39  4:36  Refinery  
  43  4:39  SCV  
  43  4:41  Factory Reactor  
  43  4:44  SCV  
  45  4:47  Bunker  
  45  4:51  SCV  
  46  5:04  Supply Depot  
  46  5:07  Orbital Command  
  46  5:11  Barracks Tech Lab  
  46  5:26  SCV, Marauder, Siege Tank  
  46  5:28  Supply Depot  
  52  5:38  SCV  
  52  5:39  Factory  
  59  5:50  Widow Mine x2, SCV, Marauder  
  59  5:51  Supply Depot  
  60  6:07  Marauder  
  62  6:13  Marauder  
  64  6:29  Marauder  
  66  6:34  Marauder  
  66  6:36  SCV x2  
  70  6:42  Engineering Bay  
  70  7:03  Supply Depot  
  70  7:09  Factory Tech Lab  
  70  7:25  Widow Mine x2, SCV, Siege Tank  
  78  7:46  SCV x2  
  77  7:54  Supply Depot  
  77  7:55  Supply Depot x2  
  77  7:56  Supply Depot  
  77  7:57  Supply Depot x2  
  77  7:58  SCV  
  78  8:00  Supply Depot  
  78  8:03  Missile Turret  
  78  8:16  SCV x2, Marauder x2, Siege Tank x2  
  78  8:17  Widow Mine  
  92  8:23  Missile Turret  
  92  8:25  Missile Turret  
  92  8:28  SCV x2  
  94  8:37  Armory, Marine x2  
  94  8:39  Terran Infantry Weapons Level 1  
  96  8:44  Missile Turret  
  96  8:45  Missile Turret  
  98  8:48  Siege Tank  
  102  8:56  Marauder x2  
  92  9:10  Missile Turret  
  96  9:17  Marauder x2  
  96  9:20  Widow Mine x2  
  96  9:21  Widow Mine x2  
  104  9:36  Missile Turret  
  108  9:38  Marauder x2  
  108  9:42  Siege Tank  
  108  9:43  Medivac  
  108  9:44  Command Center  
  108  9:45  Command Center  
  112  9:56  Stimpack  
  112  9:57  Concussive Shells  
  112  9:59  Marine x2  
  114  10:13  Medivac  
  116  10:14  Widow Mine x2  
  116  10:15  Widow Mine  
  116  10:17  Marine x2  
  122  10:35  Marine x2  
  124  10:38  Missile Turret  
  124  10:39  Missile Turret  
  124  10:52  Missile Turret  
  124  10:53  Marine x2, Missile Turret x2  
  126  10:59  Missile Turret  
  126  11:02  Missile Turret  
  126  11:10  Marine x2  
  128  11:12  Missile Turret  
  128  11:22  Missile Turret  
  128  11:26  Missile Turret  
  128  11:28  Marine x2  
  127  11:44  Missile Turret  
  127  11:46  Marine x2  
  108  12:24  Marauder x2  
  108  12:26  Siege Tank x2  
  108  12:29  Widow Mine  
  120  12:36  SCV  
  121  12:37  SCV  
  108  12:45  Marauder x2  
  108  12:48  SCV  
  108  12:49  SCV  
  106  12:58  Siege Tank x2  
  112  13:00  SCV  
  112  13:01  SCV  
  111  13:06  Marauder  
  111  13:07  Marauder  
  115  13:13  SCV x2, Medivac  
  119  13:25  SCV x2  
  121  13:28  Marauder x2, Terran Vehicle Weapons Level 1  
  121  13:30  Siege Tank  
  126  13:37  SCV x2  
  128  13:43  Medivac  
  130  13:49  SCV x2, Marauder x2  
  136  14:10  Marine x2  
  130  14:41  Marine x2  
  136  15:00  SCV, Marauder x2  
  136  15:01  SCV  
  138  15:12  SCV  
  138  15:13  SCV  
  137  15:21  Marauder, Marine  
  124  15:25  SCV x2  
  120  15:37  SCV x2  
  120  15:39  Marauder  
  120  15:42  Marine  
  123  15:49  SCV x2  
  121  15:57  Thor x2  
  121  15:58  Widow Mine x2  
  121  16:00  Marine x2  
  137  16:05  Refinery  
  137  16:09  Barracks  
  131  16:18  Marauder, Marine  
  131  16:19  Widow Mine, Medivac  
  131  16:20  Widow Mine  
  135  16:35  Marine  
  135  16:39  Marine  
  137  16:40  Widow Mine x2  
  139  16:49  Medivac  
  139  16:51  Planetary Fortress  
  130  16:57  Barracks  
  129  17:24  Barracks Reactor  
  129  17:26  Thor  
  132  17:44  Barracks  
  89  18:29  Marauder x2  
  89  18:30  Marine x3  
  96  18:45  Refinery  
  96  18:48  Marine x3  
  97  18:50  Marauder  
  97  18:51  Marauder  
  97  18:55  Refinery  
  103  19:06  Marine x3  
  106  19:12  Marauder x2  
  110  19:23  Marine  
  110  19:24  Marine x2  
  111  19:25  Barracks Reactor  
  107  19:33  Marauder, Marine  
  110  19:42  Marine  
  111  19:51  Marine  
  112  19:54  Marine  
  113  20:07  Sensor Tower  
  113  20:10  Command Center  
  113  20:13  Engineering Bay  
Show
View Real Time Build Order
Export as new Build Order

qqq Zerg - Winner!

Build Orders: Hatch First 

Get SALT Encoding   

  12  0:03  Drone  
  13  0:34  Hatchery  
  12  0:43  Overlord  
  12  0:44  Drone  
  12  0:47  Drone  
  14  1:06  Spawning Pool  
  13  1:15  Drone x2  
  16  1:18  Drone  
  16  1:19  Extractor  
  15  1:30  Drone  
  16  1:38  Drone  
  17  1:48  Drone  
  17  1:53  Overlord  
  18  1:58  Drone  
  18  2:01  Drone  
  20  2:14  Drone  
  21  2:18  Zergling x2  
  22  2:24  Hatchery  
  22  2:29  Zergling x2  
  22  2:30  Drone  
  22  2:31  Drone  
  24  2:37  Queen  
  24  2:40  Drone  
  27  2:45  Metabolic Boost  
  27  2:48  Zergling x2  
  27  2:51  Zergling x2  
  30  2:58  Drone  
  30  2:59  Overlord  
  30  3:05  Zergling x2  
  31  3:13  Drone  
  31  3:15  Drone  
  31  3:18  Zergling x2  
  34  3:26  Lair  
  34  3:27  Drone  
  34  3:28  Zergling x2  
  36  3:36  Drone  
  36  3:37  Drone  
  38  3:42  Zergling x2  
  38  3:47  Zergling x4  
  41  3:49  Zergling x2  
  41  3:52  Drone  
  41  3:54  Drone  
  44  3:58  Zergling x2  
  45  4:05  Zergling x2  
  45  4:06  Drone x2  
  45  4:07  Drone  
  49  4:16  Hatchery  
  48  4:18  Zergling x2  
  49  4:24  Drone  
  49  4:30  Overlord x4  
  50  4:44  Hatchery, Drone  
  50  4:48  Queen  
  52  4:53  Drone x5  
  52  4:54  Zergling x2  
  52  4:55  Zergling x2  
  58  5:13  Zergling x2  
  58  5:14  Drone, Zergling x2  
  60  5:15  Drone x2  
  63  5:23  Zergling x2  
  63  5:25  Drone x2  
  64  5:41  Zergling x4  
  64  5:42  Drone x5  
  69  5:59  Zergling x4  
  69  6:00  Drone x6  
  69  6:01  Drone  
  77  6:07  Drone x2  
  79  6:13  Spine Crawler  
  79  6:16  Zergling x2  
  79  6:21  Zergling x2  
  79  6:22  Hatchery, Spore Crawler, Infestation Pit  
  77  6:26  Spore Crawler  
  77  6:27  Spore Crawler  
  77  6:28  Drone x3, Spore Crawler  
  77  6:29  Drone x5  
  82  6:35  Spine Crawler  
  82  6:36  Spine Crawler  
  82  6:38  Spine Crawler  
  79  6:45  Spore Crawler  
  78  6:47  Spore Crawler  
  76  7:00  Zergling x10  
  82  7:01  Drone x3  
  73  7:11  Zergling x2  
  73  7:12  Drone x6  
  73  7:13  Drone x3  
  82  7:16  Spore Crawler  
  82  7:17  Spore Crawler  
  82  7:19  Spine Crawler  
  82  7:20  Spore Crawler  
  82  7:22  Spore Crawler  
  77  7:23  Spine Crawler, Spore Crawler  
  77  7:24  Drone x2  
  77  7:25  Drone x4  
  77  7:26  Zergling x4  
  77  7:28  Hive  
  83  7:36  Drone  
  83  7:37  Drone x4, Evolution Chamber  
  84  7:38  Evolution Chamber  
  86  7:46  Zergling x2  
  86  7:47  Zergling x2  
  86  7:48  Drone x3, Zergling x4  
  86  7:50  Hatchery  
  92  7:52  Hatchery  
  91  8:01  Zergling x2  
  91  8:02  Drone x3  
  91  8:03  Drone x2  
  91  8:05  Spine Crawler  
  96  8:07  Drone  
  96  8:08  Drone x2, Spine Crawler  
  96  8:09  Drone  
  99  8:21  Spire  
  99  8:23  Spore Crawler  
  99  8:26  Spore Crawler  
  96  8:28  Drone x3  
  96  8:30  Overlord x3  
  96  8:31  Overlord x2  
  80  8:51  Ultralisk Cavern  
  80  8:53  Hydralisk Den  
  80  8:54  Spore Crawler  
  77  8:57  Spore Crawler  
  77  8:58  Spore Crawler  
  77  8:59  Spore Crawler  
  77  9:00  Spore Crawler x3  
  77  9:01  Spore Crawler  
  77  9:02  Spore Crawler x2  
  68  9:03  Spore Crawler x2  
  68  9:04  Spore Crawler x2  
  68  9:06  Spore Crawler  
  63  9:12  Zergling x6  
  63  9:13  Zergling x10  
  63  9:16  Spore Crawler  
  68  9:18  Spore Crawler  
  68  9:19  Spore Crawler  
  68  9:21  Spore Crawler  
  65  9:30  Zerg Melee Weapons Level 1  
  57  9:31  Zerg Ground Armor Level 1, Spore Crawler  
  57  9:32  Spine Crawler  
  57  9:33  Spore Crawler  
  57  9:34  Spore Crawler  
  57  9:35  Hydralisk  
  55  9:40  Extractor  
  55  9:42  Drone x3  
  55  9:43  Drone x5  
  55  9:44  Drone  
  57  10:00  Spore Crawler  
  57  10:01  Spore Crawler  
  57  10:02  Drone x2  
  57  10:03  Drone x5, Spore Crawler  
  57  10:04  Drone  
  57  10:08  Extractor x2  
  55  10:16  Drone x5  
  55  10:17  Drone  
  55  10:20  Hydralisk x3  
  67  10:30  Spore Crawler x2  
  67  10:35  Spore Crawler  
  64  10:37  Spore Crawler  
  64  10:38  Drone, Spore Crawler  
  64  10:39  Drone  
  64  10:40  Drone x3  
  64  10:41  Drone  
  64  10:42  Spore Crawler  
  67  10:44  Drone  
  67  10:45  Drone  
  69  10:56  Hydralisk x2  
  69  10:57  Hydralisk x2  
  71  11:02  Drone x3  
  80  11:11  Grooved Spines  
  80  11:19  Drone x4  
  80  11:20  Drone x3  
  87  11:27  Hatchery  
  86  11:47  Ultralisk  
  86  11:48  Zergling x4, Ultralisk  
  86  11:49  Zergling x4  
  102  11:54  Spine Crawler  
  102  11:56  Drone x2, Spine Crawler  
  101  12:08  Drone  
  102  12:13  Lurker Den  
  99  12:22  Drone x3  
  100  12:23  Drone x6, Hydralisk  
  100  12:24  Hydralisk x3  
  100  12:25  Zergling x2  
  100  12:29  Extractor  
  114  12:36  Hatchery  
  97  12:45  Muscular Augments  
  97  12:46  Anabolic Synthesis  
  97  12:53  Drone  
  97  12:54  Drone x2, Hydralisk x2  
  97  12:56  Zergling x6  
  97  12:57  Drone x3  
  97  12:58  Drone x3  
  113  13:11  Drone  
  114  13:15  Extractor  
  113  13:21  Adaptive Talons  
  113  13:25  Hydralisk x2  
  117  13:28  Zergling x4  
  117  13:29  Zergling x6  
  122  13:37  Hatchery  
  122  13:39  Mutalisk x2  
  125  13:49  Spine Crawler  
  115  14:15  Ultralisk  
  115  14:16  Zergling x10, Ultralisk  
  115  14:17  Zergling x4  
  108  14:28  Zergling x6  
  92  14:35  Drone  
  92  14:36  Drone x2  
  92  14:37  Drone x3  
  91  14:44  Drone x3  
  92  15:05  Hatchery  
  83  15:12  Drone  
  83  15:13  Drone x5  
  83  15:14  Drone x3  
  92  15:15  Ultralisk x3  
  92  15:16  Hydralisk x6  
  116  15:29  Drone x3  
  107  15:43  Spore Crawler  
  107  15:45  Drone  
  107  15:46  Drone x4, Spore Crawler  
  107  15:47  Hydralisk x3  
  122  15:50  Zergling x4, Ultralisk  
  122  15:51  Zergling x2  
  121  16:16  Ultralisk  
  122  16:18  Zergling x6  
  122  16:19  Zergling x14  
  122  16:20  Mutalisk, Zergling x6  
  128  16:29  Chitinous Plating  
  128  16:31  Zergling x12  
  128  16:32  Zergling x8  
  138  16:44  Hatchery  
  134  17:05  Overlord x6  
  134  17:06  Overlord x3  
  134  17:11  Zerg Ground Armor Level 2  
  134  17:12  Zerg Melee Weapons Level 2  
  134  17:23  Spore Crawler  
  134  17:25  Spore Crawler  
  132  17:30  Spore Crawler  
  132  17:32  Spine Crawler  
  132  17:33  Spore Crawler  
  132  17:34  Spine Crawler  
  132  17:36  Spore Crawler  
  116  17:37  Drone  
  116  17:38  Drone x2  
  116  17:40  Spine Crawler  
  116  17:42  Spine Crawler  
  107  17:44  Drone  
  107  17:45  Drone x5, Spine Crawler  
  107  17:48  Spine Crawler  
  79  18:09  Corruptor x4  
  79  18:10  Corruptor  
  79  18:12  Zergling x8  
  93  18:13  Drone x3  
  93  18:14  Drone x7  
  97  18:22  Drone x2  
  97  18:23  Drone x2  
  97  18:24  Drone  
  97  18:25  Drone x3  
  105  18:28  Hatchery  
  104  18:38  Drone x2  
  106  18:42  Ultralisk  
  106  18:43  Corruptor  
  106  18:44  Zergling x10  
  115  19:19  Corruptor x3  
  115  19:20  Zergling x2  
  115  19:21  Zergling x12  
  115  19:22  Drone x5  
  115  19:23  Drone  
  124  20:06  Drone x4  
Tags
 
Add a new tag
Caveats
  • Supply blocks, unpowered buildings, or Contaminate may cause inaccurate times.
  • Supply counts are checked every 10 seconds.